 Dungeon Crawl Stone Soup version 0.27.1 (webtiles) character file.

Game seed: 15332940168618800755

36 Malachi the Changer (level 3, -4/15 HPs)
             Began as a Felid Transmuter on Aug 20, 2021.
             Slain by a kobold brigand (6 damage)
             ... on level 4 of the Dungeon.
             The game lasted 00:03:10 (1643 turns).

Malachi the Changer (Felid Transmuter)              Turns: 1643, Time: 00:03:10

Health: -4/15      AC:  2    Str:  6    XL:     3   Next: 19%
Magic:  1/7        EV: 20    Int: 15    God:
Gold:   127        SH:  0    Dex: 21    Spells: 2/6 levels left
                                        Lives:  0   Deaths: 0

rFire    . . .     SeeInvis +     - Unarmed
rCold    . . .     Faith    .   (shield unavailable)
rNeg     . . .     Spirit   .   (armour unavailable)
rPois    x         Reflect  .   (helmet unavailable)
rElec    .         Harm     .   (cloak unavailable)
rCorr    .         Rampage  .   (gloves unavailable)
Will     .....                  (boots unavailable)
Stlth    ++........             (no amulet)
HPRegen  0.05/turn              (no ring)
MPRegen  0.10/turn              (no ring)

@: spider-form (expiring), very slightly contaminated
A: venomous fangs, tiny, (claws 1), (fangs 3), see invisible, (speed 1), (shaggy
fur 1), (stealthy paws), no weapons or thrown items, no armour, multi-lived
a: End Transformation


You were on level 4 of the Dungeon.
You were a venomous arachnid creature.
You visited 1 branch of the dungeon, and saw 3 of its levels.

You collected 127 gold pieces.

Inventory:

Scrolls
 a - a scroll of identify
Potions
 b - a potion of magic {unknown}
 c - 2 potions of brilliance
 e - a potion of curing


   Skills:
 - Level 1.0 Fighting
 - Level 2.6 Dodging
 + Level 3.0 Unarmed Combat
 - Level 2.0 Spellcasting
 * Level 4.1 Transmutations
 * Level 0.0 Poison Magic


You had 2 spell levels left.
You knew the following spells:

 Your Spells              Type           Power      Damage    Failure   Level
a - Beastly Appendage     Tmut           26%        N/A       13%         1
b - Spider Form           Tmut/Pois      3%         N/A       50%         3

Your spell library contained the following spells:

 Spells                   Type           Power      Damage    Failure   Level
 Wereblood                Tmut           13%        N/A       17%         2
 Ice Form                 Ice/Tmut       7%         N/A       85%         4


Dungeon Overview and Level Annotations

Branches:
Dungeon (2/15)

Altars:


Innate Abilities, Weirdness & Mutations

You are a venomous arachnid creature.
You have poisonous fangs.
You are tiny and dextrous.
Your spellcasting is less reliable in this form.
((You have sharp claws.))
((You have razor-sharp teeth.))
You have supernaturally acute eyesight. (SInv)
((You cover ground quickly. (Speed+)))
((You are covered in fur. (AC +1)))
((Your paws help you pounce on unaware monsters.))
You are incapable of wielding weapons or throwing items.
You cannot wear armour.
You gain extra lives every three experience levels.


Message History

Found a stone staircase leading down.
A bat comes into view.
A bat is nearby!
You fall into a shaft and drop 2 floors!
The shaft crumbles and collapses.
A kobold brigand comes into view.
It is wielding a +0 dagger and quivering poisoned darts.
The kobold brigand shouts!
Unknown command.
Casting: Beastly Appendage (safe; 4% risk of failure)
Confirm with . or Enter, or press ? or * to list all spells.
The spell is potentially lethal to cast (28% risk of failure)!
Continue anyway?
You miscast Spider Form.
You are very lightly contaminated with residual magic.
Nothing appears to happen.
Casting: Spider Form (potentially lethal; 28% risk of failure)
Confirm with . or Enter, or press ? or * to list all spells.
The spell is potentially lethal to cast (28% risk of failure)!
Continue anyway?
You turn into a venomous arachnid creature.
Unknown command.
Found 24 sling bullets.
The kobold brigand completely misses you.
You hit the kobold brigand.
The kobold brigand is poisoned.
The kobold brigand is lightly wounded.
The kobold brigand completely misses you.
You hit the kobold brigand.
The kobold brigand looks as sick as possible!
The kobold brigand is moderately wounded.
Your transformation is almost over.
The kobold brigand hits you with a +0 dagger!
Ouch! That really hurt!
You hit the kobold brigand.
The kobold brigand looks as sick as possible!
The kobold brigand is severely wounded.
The kobold brigand hits you with a +0 dagger.
* * * LOW HITPOINT WARNING * * *
You hit the kobold brigand.
The kobold brigand looks as sick as possible!
The kobold brigand is almost dead.
The kobold brigand hits you with a +0 dagger.
You die...

###############
..............#
......Ks......#
.(............#
..............#
..............#
..............#
..............#
#######.......#
#.......#


You could see a kobold brigand (extremely poisoned).

Vanquished Creatures
  An adder (D:2)
  A dart slug (D:1)
  2 ball pythons (D:1)
  2 endoplasms (D:1)
  A giant cockroach (D:2)
  5 goblins
  2 hobgoblins (D:1)
  A kobold (D:1)
  2 quokkas (D:1)
  3 bats (D:1)
  A frilled lizard (D:1)
  2 rats (D:1)
23 creatures vanquished.

Notes
Turn   | Place    | Note
-------+----------+-------------------------------------------
     0 | D:1      | Malachi the Felid Transmuter began the quest for the Orb.
     0 | D:1      | Reached XP level 1. HP: 9/9 MP: 4/4
   179 | D:1      | Reached skill level 3 in Transmutations
   245 | D:1      | Reached XP level 2. HP: 7/12 MP: 3/6
  1150 | D:2      | Reached skill level 4 in Transmutations
  1150 | D:2      | Reached XP level 3. HP: 9/15 MP: 5/7
  1371 | D:2      | Learned a level 3 spell: Spider Form
  1633 | D:2      | You fall into a shaft and drop 2 floors!
  1633 | D:4      | Noticed a kobold brigand
  1643 | D:4      | Slain by a kobold brigand

Illustrated notes

Levels and vault maps discovered:
D:1:      kennysheep_arrival_forest, layout_rooms, minmay_tall_x
D:2:      layout_basic, hangedman_glass_teeth
D:4:      layout_gridville, nemelex_spade_bored_becter

Skill      XL: |  1  2 |
---------------+-------+-----
Transmutations | 3 4 |  4.1
Fighting       | |  1.0
Dodging        | |  2.6
Unarmed Combat | |  3.0
Spellcasting   | |  2.0

Action                   || total
-------------------------++-------
Melee: Unarmed           ||    66
       Bite              ||     9
       Headbutt          ||     6
 Cast: Beastly Appendage ||    11
       Spider Form       ||     1
  Use: Scroll            ||     5
Armor: Skin              ||     4
Dodge: Dodged            ||    65
